 Dungeon Crawl Stone Soup version 0.30-a0-304-gdc4b735fe1 (webtiles) character file.

Game seed: 12082047987945925634

620 IdlyInterested the Vexing (level 7, -12/79 HPs)
             Began as a Demonspawn Wanderer on Oct 20, 2022.
             Mangled by a small abomination (15 damage)
             ... on level 4 of the Dungeon.
             The game lasted 00:18:16 (4493 turns).

IdlyInterested the Vexing (Demonspawn Wanderer)     Turns: 4493, Time: 00:18:17

Health: -12/79     AC:  7    Str: 11    XL:     7   Next: 22%
Magic:  18/18      EV: 16    Int: 17    God:
Gold:   251        SH:  0    Dex: 18    Spells: 5/9 levels left

rFire   + . .      SeeInvis .    A - +2 short sword (drain)
rCold   . . .      Faith    .    (no shield)
rNeg    . . .      Spirit   .    k - +0 leather armour
rPois   .          Reflect  .    u - +1 helmet of Vexation {Rampage rF+}
rElec   .          Harm     .    D - +0 cloak
rCorr   .          Rampage  +    (no gloves)
Will    .....                    s - +0 pair of boots
Stlth   ..........               (no amulet)
HPRegen 0.33/turn                m - ring of magical power
MPRegen 0.16/turn                z - +6 ring of dexterity

@: agile, berserking, very slightly contaminated, very quick
A: foul stench 1, powered by pain 1, demonic touch 1
a: no special abilities


You were on level 4 of the Dungeon.
You visited 1 branch of the dungeon, and saw 4 of its levels.

You collected 251 gold pieces.

Inventory:

Hand Weapons
 a - a +0 dagger
 b - a +0 short sword
 t - a +0 hand axe
 A - a +2 short sword of draining (weapon)
Missiles
 e - 6 boomerangs
 n - 9 poisoned darts
 o - 24 stones
Armour
 c - a +0 robe
 d - a +0 pair of gloves
 h - a +0 ring mail
 k - a +0 leather armour (worn)
 s - a +0 pair of boots (worn)
 u - the +1 helmet of Vexation (worn) {Rampage rF+}
   (You acquired it on level 3 of the Dungeon)

   rF:        It protects you from fire.
   Rampage:   It bestows one free step when moving towards enemies.
 y - a +0 scale mail
 B - a +2 scale mail of cold resistance
 D - a +0 cloak (worn)
Jewellery
 m - a ring of magical power (left hand)
 x - a ring of resist corrosion
 z - a +6 ring of dexterity (right hand)
 C - a ring of flight
Scrolls
 j - 4 scrolls of teleportation
 r - 2 scrolls of silence
 E - a scroll of poison
Potions
 f - 6 potions of curing
 g - a potion of lignification
 i - a potion of heal wounds
 p - a potion of magic
 q - 2 potions of degeneration {unknown}
 v - a potion of flight


   Skills:
 + Level 3.9 Fighting
 - Level 1.0 Armour
 - Level 1.0 Dodging
 - Level 2.0 Stealth
 * Level 4.8 Unarmed Combat
 + Level 1.7 Spellcasting
 - Level 5.0 Hexes
 - Level 1.0 Summonings


You had 5 spell levels left.
You knew the following spells:

 Your Spells              Type           Power      Damage    Failure   Level
a - Summon Small Mammal   Summ           16%        N/A       17%         1
b - Tukima's Dance        Hex            18%        N/A       10%         3

Your spell library contained the following spells:

 Spells                   Type           Power      Damage    Failure   Level
 Slow                     Hex            72%        N/A       3%          1
 Summon Guardian Golem    Hex/Summ       11%        N/A       22%         3
 Apportation              Tloc           2%         N/A       26%         1
 Freeze                   Ice            4%         1d3       26%         1
 Necrotise                Necr           4%         1d4       26%         1
 Inner Flame              Hex/Fire       9%         N/A       28%         3
 Portal Projectile        Hex/Tloc       18%        N/A       28%         3
 Cause Fear               Hex            9%         N/A       32%         4
 Frozen Ramparts          Ice            2%         1d1       61%         3
 Gell's Gravitas          Tloc           1%         N/A       61%         3
 Hailstorm                Conj/Ice       1%         3d3       61%         3
 Teleport Other           Tloc           1%         N/A       61%         3
 Dispersal                Tloc           0%         N/A       100%        6
 Orb of Destruction       Conj           0%         9d5       100%        7
 Spellforged Servitor     Conj/Summ      1%         N/A       100%        7
 Discord                  Hex            9%         N/A       100%        8


Dungeon Overview and Level Annotations

Branches:
Dungeon (4/15)
 Temple: D:4-7

Altars:

Shops:
D:4 *

Portals:
Abyss: D:4

Annotations:
D:4 1 transporter, AmazingPX's ghost, amateur MiBe


Innate Abilities, Weirdness & Mutations

You may rarely emit foul miasma when damaged in melee.
You sometimes gain a little power by taking damage.
Your touch may inflict minor irresistible damage on your foes.


Message History

The small abomination barely misses you.
You barely miss the small abomination.
You touch the small abomination.
You destroy the small abomination!
You start resting.
AmazingPX's ghost is nearby!
Casting: Summon Small Mammal (safe; 17% risk of failure)
Press: ? - help, Q - select action, (/) - cycle Dir - look around, f - activate You miscast Summon Small Mammal.
You are very lightly contaminated with residual magic.
Nothing appears to happen.
AmazingPX's ghost turns its malevolent gaze towards you.
Casting: Summon Small Mammal (safe; 17% risk of failure)
Press: ? - help, Q - select action, (/) - cycle Dir - look around, f - activate AmazingPX's ghost enters a dispersal trap!
Your bat blinks!
You blink.
AmazingPX's ghost blinks!
Unknown command.
Casting: Summon Small Mammal (safe; 17% risk of failure)
Press: ? - help, Q - select action, (/) - cycle Dir - look around, f - activate AmazingPX's ghost hits your rat.
Your rat dies!
Your rat's corpse disappears in a puff of smoke!
Unknown command.
Casting: Summon Small Mammal (safe; 17% risk of failure)
Press: ? - help, Q - select action, (/) - cycle Dir - look around, f - activate You miscast Summon Small Mammal.
Nothing appears to happen.
Unknown command.
A red film seems to cover your vision as you go berserk!
You feel yourself moving faster!
You feel mighty!
You barely miss AmazingPX's ghost. The small abomination hits you!
* * * LOW HITPOINT WARNING * * *
You focus on the pain.
You feel agile all of a sudden.
You barely miss AmazingPX's ghost. The small abomination hits you!
* * * LOW HITPOINT WARNING * * *
You focus on the pain.
You feel your power returning. AmazingPX's ghost hits you.
* * * LOW HITPOINT WARNING * * *
You closely miss AmazingPX's ghost. The small abomination hits you!
You die...

###......##### .$.#. #....###.
#..........##|##.###....###.
#.......©...##.#∩#..........
#......###..##...#......##..
##....##©##..#...##......#..
#...###..#.##.##.##.....#..
######..##.#.###.##.#5#.....#..
#...)....##..W.x^#.#..##....#..
#.........#.##@^##.?..K#©...#..
#.........#..b##K..###.#..+##..
#.........##.####.##.###...##..
#..........###..###........##..
#..........................##..
#..........................##..
###.........###'###.########.##..
..'........)+...##.......# #.##..
.##.........######.......# #.##..


You could see a small abomination, AmazingPX's ghost (ally target), a kobold and
a friendly bat (summoned).

Vanquished Creatures
  A small abomination (D:4)
  A black bear (D:4)
  A scorpion (D:4)
  2 orc priests (D:4)
  An iguana (D:4)
  Terence (D:3)
  2 orc wizards (D:4)
  4 gnolls (D:4)
  4 adders
  An ufetubus (D:4)
  2 worms (D:2)
  A dart slug (D:2)
  11 orcs (D:4)
  7 ball pythons
  5 bats
  10 endoplasms
  6 giant cockroaches
  8 goblins
  8 hobgoblins
  7 jackals (D:1)
  5 quokkas
  4 frilled lizards
  7 kobolds
  6 rats
105 creatures vanquished.

Vanquished Creatures (collateral kills)
  A dart slug (D:2)
  3 ball pythons
  2 frilled lizards
6 creatures vanquished.

Grand Total: 111 creatures vanquished

Notes
Turn   | Place    | Note
-------+----------+-------------------------------------------
     0 | D:1      | IdlyInterested the Demonspawn Wanderer began the quest for
                  | the Orb.
     0 | D:1      | IdlyInterested set off with the following items: a +0
                  | dagger, a potion of heal wounds, a +0 robe, a +0 pair of
                  | gloves; and the following spells available to memorise:
                  | Slow, Summon Small Mammal, Tukima's Dance, Summon Guardian
                  | Golem, Portal Projectile.
     0 | D:1      | Reached XP level 1. HP: 15/15 MP: 2/2
   190 | D:1      | Gained mutation: Your touch may inflict minor irresistible
                  | damage on your foes. [demonic ancestry]
   190 | D:1      | Reached XP level 2. HP: 6/21 MP: 3/3
   361 | D:1      | Learned a level 1 spell: Summon Small Mammal
   677 | D:1      | Gained mutation: You sometimes gain a little power by
                  | taking damage. [demonic ancestry]
   677 | D:1      | Reached XP level 3. HP: 26/26 MP: 1/4
   780 | D:1      | Reached skill level 1 in Dodging
   792 | D:1      | Reached skill level 1 in Unarmed Combat
   808 | D:1      | Learned a level 3 spell: Tukima's Dance
  1603 | D:2      | Reached XP level 4. HP: 29/33 MP: 5/5
  2442 | D:3      | Identified a scroll of acquirement
  2442 | D:3      | Acquired the +1 helmet of Vexation {Rampage rF+}
  2884 | D:3      | Noticed Terence
  2908 | D:3      | Killed Terence
  3049 | D:3      | Gained mutation: You may rarely emit foul miasma when
                  | damaged in melee. [demonic ancestry]
  3049 | D:3      | Reached XP level 5. HP: 37/37 MP: 6/6
  3435 | D:4      | Reached skill level 5 in Hexes
  3576 | D:4      | Noticed a black bear
  3584 | D:4      | Killed a black bear
  3585 | D:4      | Reached XP level 6. HP: 42/47 MP: 7/7
  3678 | D:4      | Noticed a small abomination
  3744 | D:4      | Found a one-way gate to the infinite horrors of the Abyss.
  3744 | D:4      | Noticed AmazingPX's ghost (amateur MiBe)
  3848 | D:4      | Found a transporter.
  3851 | D:4      | Found a transporter.
  3875 | D:4      | Found Cups's General Store.
  4049 | D:4      | Noticed a small abomination
  4347 | D:4      | Reached XP level 7. HP: 53/53 MP: 9/9
  4492 | D:4      | HP: 3/79 [AmazingPX's ghost (3)]
  4493 | D:4      | Mangled by a small abomination

Illustrated notes

Levels and vault maps discovered:
D:1:      saegor_arrival_simple_c, layout_loops_ring, minmay_tetromino_s2
D:2:      layout_basic, grunt_ministairs_8
D:3:      layout_loops_ring, minmay_strange_pillars, uniq_terence
D:4:      layout_basic, serial_shops,
          nicolae_shop_temple_entry_statues_fountains,
          gammafunk_ghost_abyssal_escape

Skill      XL: |  1  2  3  4  5  6 |
---------------+-------------------+-----
Dodging        | 1 |  1.0
Unarmed Combat | 1 2 3 4 |  4.8
Fighting       | 2 3 |  3.9
Hexes          | 5 |  5.0
Stealth        | 2 |  2.0
Armour         | |  1.0
Spellcasting   | |  1.7
Summonings     | |  1.0

Action                   |  1- 3 |  4- 6 |  7- 9 || total
-------------------------+-------+-------+-------++-------
Melee: Short sword       |    99 |    77 |    13 ||   189
       Dagger            |    28 |       |       ||    28
       Punch             |     2 |     1 |       ||     3
       Touch             |    19 |    42 |     3 ||    64
       Unarmed           |    65 |    64 |       ||   129
Throw: Dart              |       |     1 |       ||     1
 Cast: Summon Small Mamm |     7 |     9 |     2 ||    18
  Use: Potion            |     3 |       |     1 ||     4
       Scroll            |     5 |     6 |     1 ||    12
 Stab: Sleeping          |     1 |    11 |       ||    12
Armor: Robe              |    27 |     2 |       ||    29
       Ring mail         |    22 |       |       ||    22
       Leather armour    |    18 |    32 |       ||    50
Dodge: Dodged            |   114 |    62 |     7 ||   183

Table legend: (Time is in decaauts)
 A = Elapsed time spent in this place.
 B = Non-inter-level travel time spent in this place.
 C = Inter-level travel time spent in this place.
 D = Time resting spent in this place.
 E = Time spent auto-exploring this place.
 F = Levels seen in this place.
 G = Mean time per level.
                   A        B        C        D        E       F      G
               +--------+--------+--------+--------+--------+-----+--------+
         Total |   4487 |   3991 |    496 |    441 |   2349 |   4 | 1121.8 |
       Dungeon |   4487 |   3991 |    496 |    441 |   2349 |   4 | 1121.8 |
               +--------+--------+--------+--------+--------+-----+--------+

Top non-repeatable levels by time:
     D:1: 1308 daAuts
     D:2: 1147 daAuts
     D:4: 1021 daAuts
     D:3: 1009 daAuts
